 Dungeon Crawl Stone Soup version 0.22.1-2-g9c5b331383 (webtiles) character file.

182 Ivernyr the Changer (level 5, -2/25 HPs)
             Began as a Vine Stalker Transmuter on Nov 30, 2018.
             Slain by an orc
             ... wielding a +0 dagger
              (5 damage)
             ... on level 3 of the Dungeon.
             The game lasted 00:23:09 (2656 turns).

Ivernyr the Changer (Vine Stalker Transmuter)       Turns: 2656, Time: 00:23:10

Health: -2/25      AC:  2    Str: 13    XL:     5   Next: 62%
Magic:  0/11       EV: 19    Int: 14    God:
Gold:   76         SH:  0    Dex: 19    Spells: 4/10 levels left

rFire    . . .     SeeInvis .     - Unarmed
rCold    . . .     Gourm    .   (shield currently unavailable)
rNeg     . . .     Faith    .   (armour currently unavailable)
rPois    x         Spirit   +   (helmet currently unavailable)
rElec    .         Reflect  .   (cloak currently unavailable)
rCorr    .         Harm     .   (gloves currently unavailable)
MR       .....                  (boots currently unavailable)
Stlth    ++........             (no amulet)
HPRegen  0.48/turn              (no ring)
MPRegen  0.12/turn              (no ring)

@: about to teleport, spider-form (expiring)
A: tiny, regeneration 1, magic shield, no potion heal 3, rot immunity
a: End Transformation


You were on level 3 of the Dungeon.
You were not hungry.
You were a venomous arachnid creature.
You visited 1 branch of the dungeon, and saw 3 of its levels.

You collected 76 gold pieces.

Inventory:

Missiles
 a - 38 arrows
Armour
 b - a +0 robe (melded)
 p - a +0 pair of gloves (melded)
 q - a +0 helmet (melded)
Wands
 m - a wand of digging (18)
Scrolls
 e - a scroll of amnesia {unknown}
 g - 2 scrolls of identify
 h - 2 scrolls of remove curse
 j - 2 scrolls of enchant weapon
 k - a scroll of teleportation
 n - a scroll of noise {unknown}
 s - a scroll of random uselessness {unknown}
Potions
 c - a potion of degeneration {unknown}
 f - 2 potions of haste {unknown}
 i - a potion of berserk rage {unknown}
 l - a potion of heal wounds {unknown}
 o - 2 potions of brilliance {unknown}
 r - a potion of invisibility
 t - a potion of flight {unknown}
Comestibles
 d - 7 rations


   Skills:
 - Level 0.8 Fighting
 - Level 1.5 Dodging
 + Level 4.0 Unarmed Combat
 + Level 3.4 Spellcasting
 * Level 4.1 Transmutations


You had 4 spell levels left.
You knew the following spells:

 Your Spells              Type           Power        Failure   Level  Hunger
a - Beastly Appendage     Tmut           ##....       12%         1    #......
b - Sticks to Snakes      Tmut           ##......     16%         2    ##.....
c - Spider Form           Tmut/Pois      #.........   47%         3    ###....

Your spell library contained the following spells:

 Spells                   Type           Power        Failure   Level  Hunger
 Ice Form                 Ice/Tmut       #.......     83%         4    #####..
 Blade Hands              Tmut           ##........   87%         5    ######.


Dungeon Overview and Level Annotations

Branches:
Dungeon (3/15)

Altars:
Fedhas
Kikubaaqudgha
Okawaru
Sif Muna
Trog
Wu Jian
Xom


Innate Abilities, Weirdness & Mutations

((You have extremely sharp teeth.))
Your natural rate of healing is unusually fast.
When hurt, damage is shared between your health and your magic reserves.
((Your bite disrupts and absorbs the magic of your enemies.))
Potions cannot restore your health.
You are immune to rotting.


Message History

Beogh smites you! The orc misses you.
The orc hits you from afar with a trident!
* * * LOW HITPOINT WARNING * * *
Things that are here:
a mace; an orc corpse You hit the orc but do no damage.
The orc hits you with a dagger.
* * * LOW HITPOINT WARNING * * *
The orc closely misses you.
As you read the scroll labeled VEFUWI DYSMI, it crumbles to dust.
It is a scroll of identify.
h - 2 scrolls of remove curse The orc completely misses you.
The orc misses you.
As you read the scroll of identify, it crumbles to dust.
j - 2 scrolls of enchant weapon The orc hits you with a dagger.
* * * LOW HITPOINT WARNING * * *
As you read the scroll labeled SONEEB LIODIRY, it crumbles to dust.
You feel strangely unstable.
It was a scroll of teleportation.
The orc closely misses you. The orc hits you with a dagger.
You die... #. .# #.# .##....... ..# .. ......# #.# .##...[... ..###...%...... #.#.# l.... #.## olo

####.####o# ..
#
#.......s.##.#
#.
#.##.#######.#
####.##
#.##......##.#
.......
#.#######.##.#
##.#. #.#
#.##.# #. #.#
#.##.#######
#. #.#
#...........
#. #.#
####.###### #.
#.# #.......#
#####.


You could see an orc priest, 2 orcs and 2 frilled lizards.

Vanquished Creatures
  An orc priest (D:3)
  Robin (D:2)
  6 adders
  A dart slug (D:1)
  4 leopard geckos
  4 orcs (D:2)
  A ball python (D:1)
  3 giant cockroaches
  17 goblins
  11 hobgoblins
  5 jackals (D:2)
  5 kobolds (D:1)
  10 bats
  A frilled lizard (D:1)
  8 rats
78 creatures vanquished.

Notes
Turn   | Place    | Note
-------+----------+-------------------------------------------
     0 | D:1      | Ivernyr the Vine Stalker Transmuter began the quest for the
                  | Orb.
     0 | D:1      | Reached XP level 1. HP: 9/9 MP: 4/4
   278 | D:1      | Reached XP level 2. HP: 9/14 MP: 4/6
   386 | D:1      | Learned a level 2 spell: Sticks to Snakes
   987 | D:1      | Reached XP level 3. HP: 17/17 MP: 7/7
  1010 | D:1      | Learned a level 3 spell: Spider Form
  1524 | D:2      | Gained mutation: Your natural rate of healing is unusually
                  | fast. [Vine Stalker growth]
  1524 | D:2      | Reached XP level 4. HP: 16/21 MP: 2/9
  1591 | D:2      | Found an ancient bone altar of Kikubaaqudgha.
  1595 | D:2      | Found a blossoming altar of Fedhas.
  1597 | D:2      | Found a shimmering altar of Xom.
  1597 | D:2      | Found an ornate altar of the Wu Jian Council.
  1599 | D:2      | Found a deep blue altar of Sif Muna.
  1599 | D:2      | Found a bloodstained altar of Trog.
  1600 | D:2      | Found an iron altar of Okawaru.
  2016 | D:2      | Noticed Robin
  2031 | D:2      | Killed Robin
  2037 | D:2      | Reached XP level 5. HP: 21/25 MP: 3/10
  2656 | D:3      | Slain by an orc

Skill      XL: |  1  2  3  4  5 |
---------------+----------------+-----
Transmutations | 3 4 |  4.1
Spellcasting   | 3 |  3.4
Unarmed Combat | 4 |  4.0
Fighting       | |  0.8
Dodging        | |  1.5

Action                   |  1- 3 |  4- 6 || total
-------------------------+-------+-------++-------
Melee: Unarmed           |   100 |   139 ||   239
       Bite              |    18 |    23 ||    41
       Kick              |     3 |     2 ||     5
       Headbutt          |       |     7 ||     7
       Punch             |       |     4 ||     4
 Cast: Beastly Appendage |     6 |     8 ||    14
       Spider Form       |     1 |     5 ||     6
  Use: Scroll            |       |     3 ||     3
 Stab: Sleeping          |     3 |     1 ||     4
  Eat: Chunk             |     1 |     6 ||     7
Armor: Robe              |    27 |    21 ||    48
       Skin              |     3 |     1 ||     4
Dodge: Dodged            |    72 |    74 ||   146
